Workbook

Sheet Banco
A1: Fecha | B1: Concepto | C1: Cargo | D1: Abono | E1: Saldo
A2: 46266 | B2: SALDO INICIAL | E2: 48500
A3: 46267 | B3: DEPOSITO VENTAS TERMINAL | D3: 18420 | E3: 66920
A4: 46268 | B4: PAGO RENTA LOCAL SEPTIEMBRE | C4: 14000 | E4: 52920
A5: 46270 | B5: TRANSF DISTRIBUIDORA DE CAFE DEL VALLE | C5: 12580 | E5: 40340
A6: 46273 | B6: DEPOSITO VENTAS TERMINAL | D6: 21310 | E6: 61650
A7: 46274 | B7: CARGO ADOBE CREATIVE CLOUD | C7: 1249 | E7: 60401
A8: 46274 | B8: CARGO ADOBE CREATIVE CLOUD | C8: 1249 | E8: 59152
A9: 46275 | B9: PAGO CFE LUZ | C9: 3870 | E9: 55282
A10: 46277 | B10: TRANSF LACTEOS SANTA CLARA | C10: 6450 | E10: 48832
A11: 46280 | B11: PAGO NOMINA QUINCENA | C11: 22000 | E11: 26832
A12: 46281 | B12: TRANSF PANADERIA TRES HERMANAS | C12: 4300 | E12: 22532
A13: 46282 | B13: DEPOSITO VENTAS TERMINAL | D13: 19880 | E13: 42412
A14: 46284 | B14: META ADS PUBLICIDAD | C14: 4200 | E14: 38212
A15: 46287 | B15: DEPOSITO TRANSF OFICINAS NORTE | D15: 7500 | E15: 45712
A16: 46289 | B16: PAGO TELMEX INTERNET | C16: 689 | E16: 45023
A17: 46291 | B17: META ADS PUBLICIDAD | C17: 3800 | E17: 41223
A18: 46294 | B18: DEPOSITO VENTAS TERMINAL | D18: 20640 | E18: 61863
A19: 46295 | B19: PAGO NOMINA QUINCENA | C19: 22000 | E19: 39863
A20: 46295 | B20: COMISION POR MANEJO DE CUENTA | C20: 174 | E20: 39689
A21: 46295 | B21: IVA COMISION | C21: 27.84 | E21: 39661.16

Sheet Mis movimientos
A1: Fecha | B1: Concepto | C1: Categoría | D1: Ingreso | E1: Gasto
A2: 46267 | B2: Ventas terminal semana 1 | C2: Ventas | D2: 18420
A3: 46268 | B3: Renta del local | C3: Renta | E3: 14000
A4: 46270 | B4: Café Distribuidora del Valle | C4: Insumos | E4: 12850
A5: 46273 | B5: Ventas terminal semana 2 | C5: Ventas | D5: 21310
A6: 46274 | B6: Adobe Creative Cloud | C6: Software | E6: 1249
A7: 46275 | B7: Luz CFE | C7: Servicios | E7: 3870
A8: 46277 | B8: Lácteos Santa Clara | C8: Insumos | E8: 6450
A9: 46279 | B9: Panadería Tres Hermanas | C9: Insumos | E9: 4300
A10: 46280 | B10: Nómina 1a quincena | C10: Nómina | E10: 22000
A11: 46282 | B11: Ventas terminal semana 3 | C11: Ventas | D11: 19880
A12: 46284 | B12: Publicidad Meta | C12: Publicidad | E12: 4200
A13: 46287 | B13: Catering Oficinas Norte | C13: Ventas | D13: 7500
A14: 46289 | B14: Internet Telmex | C14: Servicios | E14: 689
A15: 46291 | B15: Publicidad Meta | C15: Publicidad | E15: 3800
A16: 46294 | B16: Ventas terminal semana 4 | C16: Ventas | D16: 20640
A17: 46295 | B17: Nómina 2a quincena | C17: Nómina | E17: 22000
A18: 46295 | B18: Catering Despacho Ruiz | C18: Ventas | D18: 9800

Sheet Agosto
A1: Fecha | B1: Concepto | C1: Categoría | D1: Ingreso | E1: Gasto
A2: 46237 | B2: Renta del local | C2: Renta | E2: 14000
A3: 46238 | B3: Ventas terminal semana 1 | C3: Ventas | D3: 19200
A4: 46240 | B4: Café Distribuidora del Valle | C4: Insumos | E4: 11900
A5: 46243 | B5: Adobe Creative Cloud | C5: Software | E5: 1249
A6: 46245 | B6: Ventas terminal semana 2 | C6: Ventas | D6: 20100
A7: 46245 | B7: Luz CFE | C7: Servicios | E7: 3690
A8: 46247 | B8: Lácteos Santa Clara | C8: Insumos | E8: 5900
A9: 46249 | B9: Nómina 1a quincena | C9: Nómina | E9: 22000
A10: 46250 | B10: Panadería Tres Hermanas | C10: Insumos | E10: 3500
A11: 46252 | B11: Ventas terminal semana 3 | C11: Ventas | D11: 21500
A12: 46254 | B12: Publicidad Meta | C12: Publicidad | E12: 2500
A13: 46258 | B13: Internet Telmex | C13: Servicios | E13: 689
A14: 46259 | B14: Ventas terminal semana 4 | C14: Ventas | D14: 21600
A15: 46265 | B15: Nómina 2a quincena | C15: Nómina | E15: 22000

Sheet Resumen
A1: Categoría | B1: Septiembre | C1: Agosto | D1: Variación
A2: Ventas | B2: =SUMIF('Mis movimientos'!C2:C15,"Ventas",'Mis movimientos'!D2:D15) | C2: =SUMIF(Agosto!C2:C15,"Ventas",Agosto!D2:D15) | D2: =(B2-C2)/C2
A3: Renta | B3: =SUMIF('Mis movimientos'!C2:C18,"Renta",'Mis movimientos'!E2:E18) | C3: =SUMIF(Agosto!C2:C15,"Renta",Agosto!E2:E15) | D3: =(B3-C3)/C3
A4: Insumos | B4: =SUMIF('Mis movimientos'!C2:C18,"Insumos",'Mis movimientos'!E2:E18) | C4: =SUMIF(Agosto!C2:C15,"Insumos",Agosto!E2:E15) | D4: =(B4-C4)/C4
A5: Software | B5: =SUMIF('Mis movimientos'!C2:C18,"Software",'Mis movimientos'!E2:E18) | C5: =SUMIF(Agosto!C2:C15,"Software",Agosto!E2:E15) | D5: =(B5-C5)/C5
A6: Servicios | B6: =SUMIF(Agosto!C2:C15,"Servicios",Agosto!E2:E15) | C6: =SUMIF(Agosto!C2:C15,"Servicios",Agosto!E2:E15) | D6: =(B6-C6)/C6
A7: Nómina | B7: =SUMIF('Mis movimientos'!C2:C18,"Nómina",'Mis movimientos'!E2:E18) | C7: =SUMIF(Agosto!C2:C15,"Nómina",Agosto!E2:E15) | D7: =(B7-C7)/C7
A8: Publicidad | B8: 4200 | C8: =SUMIF(Agosto!C2:C15,"Publicidad",Agosto!E2:E15) | D8: =(B8-C8)/C8
A9: Mantenimiento | B9: =SUMIF('Mis movimientos'!C2:C18,"Mantenimiento",'Mis movimientos'!E2:E18) | C9: =SUMIF(Agosto!C2:C15,"Mantenimiento",Agosto!E2:E15) | D9: =(B9-C9)/C9
A11: Total ingresos | B11: =B2 | C11: =C2
A12: Total gastos | B12: =SUM(B3:B9) | C12: =SUM(C3:C9)
A13: Resultado del mes | B13: =B11-B12 | C13: =C11-C12
